 Dungeon Sprint DCSS version 0.30-a0-596-g0af90f9a20 (webtiles) character file.

Game seed: 15588979471791573170

28 rocky1 the Digger (level 2, -1/15 HPs)
             Began as a Deep Elf Earth Elementalist on Jan 7, 2023.
             Slain by a human (7 damage)
             ... in the Dungeon (Sprint III: "The Ten Rune Challenge").
             The game lasted 00:00:25 (101 turns).

rocky1 the Digger (Deep Elf Earth Elementalist)      Turns: 101, Time: 00:00:25

Health: -1/15      AC:  2    Str:  5    XL:     2   Next: 96%
Magic:  8/10       EV: 13    Int: 19    God:
Gold:   0          SH:  0    Dex: 15    Spells: 10/11 levels left

rFire   . . .      SeeInvis .    (no weapon)
rCold   . . .      Faith    .    (no shield)
rNeg    . . .      Spirit   .    a - +0 robe
rPois   .          Reflect  .    (no helmet)
rElec   .          Harm     .    (no cloak)
rCorr   .          Rampage  .    (no gloves)
Will    .....      NoTele   +    (no boots)
Stlth   ++                       (no amulet)
HPRegen 0.22/turn                (no ring)
MPRegen 0.12/turn                (no ring)

@: no status effects
A: no striking features
a: no special abilities


You were in the Dungeon.
You visited 1 branch

Inventory:

Armour
 a - a +0 robe (worn)
Scrolls
 g - a scroll of blinking
Potions
 b - 3 potions of magic
 c - a potion of curing
 d - a potion of heal wounds
 e - a potion of haste
 f - a potion of berserk rage
 h - a potion of mutation {unknown}


   Skills:
 + Level 3.1 Dodging
 + Level 3.4 Stealth
 + Level 5.0 Spellcasting
 + Level 1.1 Transmutations
 + Level 5.7 Earth Magic


You had 10 spell levels left.
You knew the following spells:

 Your Spells              Type           Power      Damage    Failure   Level
a - Sandblast             Erth           52%        2d12      1%          1

Your spell library contained the following spells:

 Spells                   Type           Power      Damage    Failure   Level
 Passwall                 Tmut/Erth      14%        N/A       4%          2
 Stone Arrow              Conj/Erth      30%        3d8       12%         3
 Petrify                  Tmut/Erth      17%        N/A       30%         4


Dungeon Overview and Level Annotations

Branches:
Dungeon (1/1)

Altars:


Message History

Aim: a rat (asleep, 100% to hit)
The blast of sand hits the rat.
You kill the rat!
Jessica the Apprentice Sorceress comes into view.
She is wielding a +0 club.
Aiming: Sandblast (safe; 2% risk of failure)
Press: ? - help, Q - select action Shift-Dir - straight line, f - you
Okay, then.
Aiming: Sandblast (safe; 2% risk of failure)
Press: ? - help, Q - select action Shift-Dir - straight line, f - Jessica
Aim: Jessica, wielding a +0 club and wearing a +0 robe (asleep, 100% to hit)
The blast of sand hits Jessica!
You kill Jessica!
Your Dodging skill increases to level 3!
Your Stealth skill increases to level 3!
Your Spellcasting skill gained 2 levels and is now at level 5!
Your Earth Magic skill increases to level 5!
You have reached level 2!
Things that are here:
a +0 club; a +0 robe; the human corpse of Jessica You start resting.
Magic restored.
Okay, then.
A human comes into view.
The human shouts!
A phantom comes into view.
The human hits you!
Ouch! That really hurt!
Aiming: Sandblast (safe; 1% risk of failure)
Press: ? - help, Q - select action Shift-Dir - straight line, f - human
Aim: a human (76% to hit)
The blast of sand hits the human!
The human is moderately wounded.
The human hits you but does no damage.
Aiming: Sandblast (safe; 1% risk of failure)
Press: ? - help, Q - select action Shift-Dir - straight line, f/p - human
Aim: a human (moderately wounded, 76% to hit)
The blast of sand hits the human.
The human is heavily wounded.
The human hits you!
You die...

▓▓▓▓▓▓▓▓▓
▓<..#)..####
▓...#......##
▓..##.......# .#
▓##.##.##...# .#
##.##.###..# ..#
▓#.####.##..# ...+
▓.###†.##..##
#...# ▓#.....##.@#
#....#
###..##).p##p....#
##†.##....#......#
#..###..##.#..W..#
#..# #..#####....#
▓▓▓▓ ▓▓▓▓ ▓▓▓▓▓


You could see a human.

Vanquished Creatures
  Jessica (D)
  3 rats (D)
4 creatures vanquished.

Notes
Turn   | Place    | Note
-------+----------+-------------------------------------------
     0 | D        | rocky1 the Deep Elf Earth Elementalist began the quest for
                  | the Orb.
     0 | D        | Reached XP level 1. HP: 10/10 MP: 6/6
    55 | D        | Noticed Jessica
    57 | D        | Killed Jessica
    58 | D        | Reached skill level 5 in Spellcasting
    58 | D        | Reached skill level 5 in Earth Magic
    58 | D        | Reached XP level 2. HP: 15/15 MP: 6/10
   101 | D        | Slain by a human

Illustrated notes

Levels and vault maps discovered:
D:        dungeon_sprint_mu [sprint_mu_entry_cave, sprint_mu_temple_rooms,
          sprint_mu_d1_horrors, sprint_mu_d2_genie, sprint_mu_d3_branching,
          sprint_mu_orc_legion, sprint_mu_elf_gauntlet, sprint_mu_hive_nellie,
          sprint_mu_lair_fedhas, sprint_mu_vaults_butterflies,
          sprint_mu_slime_circle, sprint_mu_swamp_cave, sprint_mu_snake_twists,
          sprint_mu_blade_basic, sprint_mu_crypt_lich, sprint_mu_tomb_spiral,
          sprint_mu_vestibule_basic, sprint_mu_gehenna_hellfire,
          sprint_mu_dis_giant, sprint_mu_tartarus_statrot,
          sprint_mu_cocytus_islands, sprint_mu_zot1]

Skill      XL: |  1 |
---------------+----+-----
Earth Magic    | 5 |  5.7
Dodging        | 3 |  3.1
Stealth        | 3 |  3.4
Spellcasting   | 5 |  5.0
Transmutations | |  1.1

Action                   || total
-------------------------++-------
 Cast: Sandblast         ||     6
Armor: Robe              ||     1

Table legend: (Time is in decaauts)
 A = Elapsed time spent in this place.
 B = Non-inter-level travel time spent in this place.
 C = Inter-level travel time spent in this place.
 D = Time resting spent in this place.
 E = Time spent auto-exploring this place.
 F = Levels seen in this place.
 G = Mean time per level.
                   A        B        C        D        E       F      G
               +--------+--------+--------+--------+--------+-----+--------+
         Total |    103 |    103 |      0 |     24 |     46 |   1 |  103.0 |
       Dungeon |    103 |    103 |      0 |     24 |     46 |   1 |  103.0 |
               +--------+--------+--------+--------+--------+-----+--------+

Top non-repeatable levels by time:
       D: 103 daAuts
